 Dungeon Crawl Stone Soup version 0.23.1 (webtiles) character file.

Game seed: 11389695188543537029

1630 PikkenKukken the Cleaver (level 8, -1/69 HPs)
             Began as a Hill Orc Fighter on Mar 9, 2019.
             Slain by Duvessa
             ... wielding a +0 short sword
              (10 damage)
             ... on level 7 of the Dungeon.
             The game lasted 00:10:02 (6137 turns).

PikkenKukken the Cleaver (Hill Orc Fighter)         Turns: 6137, Time: 00:10:03

Health: -1/69      AC: 10    Str: 20    XL:     8   Next: 97%
Magic:  8/8        EV: 10    Int:  9    God:
Gold:   459        SH:  9    Dex: 15    Spells: 6/7 levels left

rFire    . . .     SeeInvis +   a - +1 war axe
rCold    . . .     Gourm    +   c - +0 shield
rNeg     . . .     Faith    .   l - +0 chain mail
rPois    .         Spirit   .   (no helmet)
rElec    .         Reflect  .   (no cloak)
rCorr    .         Harm     .   o - +0 pair of gloves
MR       .....                  (no boots)
Stlth    ..........             u - amulet of the gourmand
HPRegen  0.21/turn              e - ring of see invisible
MPRegen  0.11/turn              (no ring)

@: agile
A: no striking features
a: no special abilities


You were on level 7 of the Dungeon.
You were full.

You visited 1 branch of the dungeon, and saw 7 of its levels.

You collected 459 gold pieces.

Inventory:

Hand Weapons
 a - a +1 war axe (weapon)
Armour
 c - a +0 shield (worn)
 l - a +0 chain mail (worn)
 o - a +0 pair of gloves (worn)
Jewellery
 e - a ring of see invisible (left hand)
 u - an amulet of the gourmand (around neck)
Wands
 b - a wand of polymorph (4)
 d - a wand of scattershot (7)
 p - a wand of flame (40)
 r - a wand of random effects (35)
Scrolls
 k - 3 scrolls of teleportation
 m - 2 scrolls of remove curse
 n - a scroll of identify
 v - 2 scrolls of magic mapping
Potions
 g - 2 potions of haste
 h - a potion of resistance
 i - a potion of mutation {unknown}
 j - a potion of cancellation {unknown}
 q - a potion of lignification {unknown}
 s - a potion of curing
 w - 2 potions of degeneration {unknown}
Comestibles
 f - 12 rations


   Skills:
 + Level 5.5 Fighting
 * Level 13.3 Axes
 - Level 3.2 Armour
 - Level 3.2 Shields


You had 6 spell levels left.
You knew the following spells:

 Your Spells              Type           Power        Failure   Level  Hunger
a - Animate Skeleton      Necr           N/A          100%        1    ##.....

Your spell library contained the following spells:

 Spells                   Type           Power        Failure   Level  Hunger
 Apportation              Tloc           #.....       100%        1    ##.....
 Confusing Touch          Hex            #.....       100%        1    ##.....
 Magic Dart               Conj           #...         100%        1    ##.....
 Summon Small Mammal      Summ           #...         100%        1    ##.....
 Searing Ray              Conj           #.....       100%        2    ###....
 Dazzling Spray           Conj/Hex       #.....       100%        3    ####...
 Force Lance              Conj/Tloc      #.......     100%        4    #####..
 Fulminant Prism          Conj/Hex       #.........   100%        4    #####..
 Iskenderun's Mystic Bla  Conj           #.......     100%        4    #####..


Dungeon Overview and Level Annotations

Branches:
Dungeon (7/15)
 Temple: D:4-7

Altars:
Ashenzari
Hepliaklqana
Trog
Uskayaw
The Shining One

Shops:
D:5 =   D:7 %

Annotations:
D:3 1 runed translucent door, Crazy Yiuf
D:6 2 transporters, Descartes's ghost, novice VSWn
D:7 Duvessa


Message History

Duvessa is severely wounded.
You block Duvessa's attack. Duvessa hits you with a +0 short sword!
* * * LOW HITPOINT WARNING * * *
You closely miss Duvessa.
Duvessa is severely wounded.
You block Duvessa's attack.
You feel agile all of a sudden. You block Duvessa's attack.
Duvessa hits you with a +0 short sword.
* * * LOW HITPOINT WARNING * * *
You hit Duvessa.
Duvessa is severely wounded.
You block Duvessa's attack.
Your shield prevents you from hitting Duvessa.
Duvessa is severely wounded.
Duvessa hits you with a +0 short sword!
* * * LOW HITPOINT WARNING * * *
Okay, then.
You feel better. You block Duvessa's attack.
Duvessa hits you with a +0 short sword!
You die...

#. .## . ## ..#
#.#. ....
###.#.###....#
....<..#..?..
##.#..........$
.......)....#
#...@..#
#.....e..#
###.##...# #
##.## #<#
.........#
###.###..# #..#
#...


You could see Duvessa (berserk).

Vanquished Creatures
  Sigmund (D:4)
  Edmund (D:4)
  Menkaure (D:4)
  An ice beast (D:6)
  An ogre (D:6)
  A centaur (D:5)
  Blork the orc (D:5)
  3 bullfrogs (D:6)
  A scorpion (D:6)
  Dowan (D:7)
  3 howler monkeys
  2 crimson imps (D:6)
  A bullfrog zombie (D:6)
  A centaur zombie (D:5)
  2 iguanas
  Ijyb (D:4)
  Natasha (thrice) (D:3)
  An orc wizard (D:2)
  9 adders
  3 gnolls (D:6)
  5 oozes
  A dart slug (D:2)
  4 leopard geckos
  9 orcs
  2 giant cockroaches (D:2)
  7 goblins
  11 hobgoblins
  4 jackals
  7 bats
  3 frilled lizards
  6 kobolds
  8 rats
105 creatures vanquished.

Vanquished Creatures (others)
  6 plants (D:6)
6 creatures vanquished.

Grand Total: 111 creatures vanquished

Notes
Turn   | Place    | Note
-------+----------+-------------------------------------------
     0 | D:1      | PikkenKukken the Hill Orc Fighter began the quest for the
                  | Orb.
     0 | D:1      | Reached XP level 1. HP: 19/19 MP: 1/1
   139 | D:1      | Reached skill level 3 in Axes
   142 | D:1      | Reached XP level 2. HP: 26/26 MP: 2/2
   146 | D:1      | Reached skill level 4 in Axes
   405 | D:1      | Reached XP level 3. HP: 31/31 MP: 3/3
   521 | D:2      | Reached skill level 5 in Axes
   744 | D:2      | Reached XP level 4. HP: 39/39 MP: 4/4
  1088 | D:2      | Reached skill level 6 in Axes
  1405 | D:2      | Reached XP level 5. HP: 45/45 MP: 5/5
  2100 | D:3      | Noticed Natasha
  2105 | D:3      | Killed Natasha
  2105 | D:3      | Reached skill level 7 in Axes
  2256 | D:3      | Noticed Natasha
  2265 | D:3      | Killed Natasha
  2265 | D:3      | Reached skill level 8 in Axes
  2265 | D:3      | Reached XP level 6. HP: 44/51 MP: 6/6
  2332 | D:3      | Noticed Natasha
  2341 | D:3      | Killed Natasha
  2601 | D:3      | Found a runed translucent door.
  2602 | D:3      | Noticed Crazy Yiuf
  2810 | D:4      | Noticed Menkaure
  2818 | D:4      | Killed Menkaure
  2818 | D:4      | Reached skill level 9 in Axes
  2862 | D:4      | Found a hide-covered altar of Uskayaw.
  2862 | D:4      | Noticed Ijyb
  2870 | D:4      | Killed Ijyb
  2992 | D:4      | Reached XP level 7. HP: 57/57 MP: 7/7
  3001 | D:4      | Noticed Edmund
  3017 | D:4      | Noticed Sigmund
  3062 | D:4      | Killed Edmund
  3062 | D:4      | Reached skill level 10 in Axes
  3064 | D:4      | Killed Sigmund
  3265 | D:4      | Reached skill level 11 in Axes
  3458 | D:4      | Learned a level 1 spell: Animate Skeleton
  3799 | D:4      | Found a glowing golden altar of the Shining One.
  3858 | D:5      | Entered Level 5 of the Dungeon
  3858 | D:5      | Found Vauppaon's Jewellery Emporium.
  3993 | D:5      | Reached XP level 8. HP: 44/64 MP: 8/8
  4404 | D:5      | Noticed Blork the orc
  4419 | D:5      | Killed Blork the orc
  4419 | D:5      | Reached skill level 12 in Axes
  4540 | D:5      | Found a hazy altar of Hepliaklqana.
  4839 | D:6      | Found a transporter.
  4845 | D:6      | Identified the +2 buckler of a sewer {MR+}
  4892 | D:6      | HP: 2/67 [ogre/+0 giant club (13)]
  5354 | D:6      | Found a bloodstained altar of Trog.
  5379 | D:6      | Found a shattered altar of Ashenzari.
  5675 | D:6      | Reached skill level 5 in Fighting
  5675 | D:6      | Reached skill level 13 in Axes
  5697 | D:6      | Found a transporter.
  6002 | D:6      | Noticed Descartes's ghost (novice VSWn)
  6059 | D:7      | Found Lotzybil's Food Emporium.
  6059 | D:7      | Noticed Dowan
  6061 | D:7      | Noticed Duvessa
  6117 | D:7      | Killed Dowan
  6136 | D:7      | HP: 2/69 [Duvessa/+0 short sword (10)]
  6137 | D:7      | Slain by Duvessa

Skill      XL: |  1  2  3  4  5  6  7  8 |
---------------+-------------------------+-----
Axes           | 3 4 5 6 8 9 11 13 | 13.3
Fighting       | 5 |  5.5
Armour         | |  3.2
Shields        | |  3.2

Action                   |  1- 3 |  4- 6 |  7- 9 || total
-------------------------+-------+-------+-------++-------
Melee: War axe           |    81 |   145 |   177 ||   403
  Use: Scroll            |     3 |     2 |     5 ||    10
       Potion            |       |     1 |     3 ||     4
  Eat: Chunk             |       |     6 |    13 ||    19
       Ration            |       |       |     1 ||     1
Armor: Scale mail        |    30 |    51 |       ||    81
       Chain mail        |       |    13 |    47 ||    60
Dodge: Dodged            |    22 |    41 |    29 ||    92
Block: Shield            |    42 |    73 |    56 ||   171
